 Dungeon Crawl Stone Soup version 0.29-a0-330-g52719c12eb (webtiles) character file.

Game seed: 10457872052423963676

309 Ajdolov the Skirmisher (level 6, -16/54 (71) HPs)
             Began as an Ogre Warper on May 12, 2022.
             Demolished by a wight
             ... wielding a +0 great sword
              (18 damage)
             ... on level 4 of the Dungeon.
             The game lasted 00:05:07 (4762 turns).

Ajdolov the Skirmisher (Ogre Warper)                Turns: 4762, Time: 00:05:08

HP:   -16/54 (71)   AC:  6    Str: 20    XL:     6   Next: 41%
MP:   9/9           EV:  9    Int: 22    God:
Gold: 171           SH:  0    Dex:  8    Spells: 7/9 levels left

rFire   . . .      SeeInvis .   q - +3 mace
rCold   . . .      Faith    .   (no shield)
rNeg    . . .      Spirit   .   b - +0 robe
rPois   .          Reflect  .   (helmet restricted)
rElec   .          Harm     .   r - +0 cloak
rCorr   .          Rampage  .   (gloves unavailable)
Will    .....                   (boots unavailable)
Stlth   +.........              (no amulet)
HPRegen 0.18/turn               j - +6 ring of intelligence
MPRegen 0.11/turn               o - +6 ring of strength

@: heavily drained
A: large, unfitting armour, tough skin 1, hooves 1, iridescent scales 1, weak 1
a: no special abilities


You were on level 4 of the Dungeon.
You visited 1 branch of the dungeon, and saw 4 of its levels.

You collected 171 gold pieces.

Inventory:

Hand Weapons
 q - a +3 mace (weapon)
Missiles
 d - 5 boomerangs of dispersal (quivered)
Armour
 b - a +0 robe (worn)
 r - a +0 cloak (worn)
Jewellery
 a - a ring of fire
 h - an amulet of magic regeneration
 j - a +6 ring of intelligence (left hand)
 o - a +6 ring of strength (right hand)
 p - a +6 ring of intelligence
Wands
 t - a wand of digging (6)
 w - a wand of flame (13)
Scrolls
 c - 2 scrolls of blinking
 e - 3 scrolls of teleportation {unknown}
 f - 8 scrolls of identify {unknown}
 g - a scroll of enchant weapon {unknown}
 i - a scroll of fear {unknown}
 k - a scroll of amnesia {unknown}
 l - a scroll of magic mapping {unknown}
 n - a scroll of vulnerability {unknown}
 u - a scroll of enchant armour {unknown}
Potions
 m - a potion of brilliance {unknown}
 s - a potion of haste
 v - 2 potions of resistance {unknown}


   Skills:
 * Level 7.3 Fighting
 + Level 3.6 Maces & Flails
 - Level 1.0 Throwing
 - Level 2.1 Dodging
 - Level 2.4 Spellcasting
 - Level 2.6 Translocations


You had 7 spell levels left.
You knew the following spells:

 Your Spells              Type           Power      Damage    Failure   Level
a - Blink                 Tloc           28%        N/A       7%          2

Your spell library contained the following spells:

 Spells                   Type           Power      Damage    Failure   Level
 Animate Skeleton         Necr           4%         N/A       13%         1
 Pain                     Necr           8%         1d4       13%         1
 Gell's Gravitas          Tloc           14%        N/A       13%         3
 Lesser Beckoning         Tloc           14%        N/A       13%         3
 Teleport Other           Tloc           14%        N/A       13%         3
 Corpse Rot               Necr/Air       4%         N/A       21%         2
 Poisonous Vapours        Pois/Air       4%         N/A       21%         2
 Vampiric Draining        Necr           2%         2d6       36%         3
 Manifold Assault         Tloc           14%        N/A       77%         5


Dungeon Overview and Level Annotations

Branches:
Dungeon (4/15)
 Temple: D:4-7

Altars:
Qazlal

Annotations:
D:2 1 runed translucent door, Crazy Yiuf


Innate Abilities, Weirdness & Mutations

You are too large for most types of armour.
You have tough skin. (AC +1)
You have large cloven feet.
You are partially covered in iridescent scales. (AC +2)
You are weak. (Str -2)


Message History

You hit the wight.
The wight is severely damaged.
The wight barely misses you.
The wight hits you with a +0 great sword.
You feel drained.
You closely miss the wight.
The wight is severely damaged.
The wight hits you with a +0 great sword!
* * * LOW HITPOINT WARNING * * *
You feel drained.
Unknown command.
You hit the wight.
The wight is severely damaged.
The wight hits you with a +0 great sword!
* * * LOW HITPOINT WARNING * * *
Unknown command.
Press: ? - help, v - describe, . - travel
Here: a wight, wielding a +0 great sword, wearing a +0 robe and quivering stones (severely damaged)
The floor.
Unknown command.
Aiming: Throw Flame
Press: ? - help, Shift-Dir - straight line, f - wight
Aim: a wight, wielding a +0 great sword, wearing a +0 robe and quivering stones (severely damaged, 68% to hit)
Okay, then.
Unknown command.
Throw: 7 boomerangs (disperse)
Press: ? - help, Q - select action, (/) - cycle Shift-Dir - straight line, f - wight
Aim: a wight, wielding a +0 great sword, wearing a +0 robe and quivering stones (severely damaged, 57% to hit)
You throw a boomerang of dispersal.
The boomerang of dispersal barely misses the wight.
The wight barely misses you.
Throw: 6 boomerangs (disperse)
Press: ? - help, Q - select action, (/) - cycle Shift-Dir - straight line, f/p - wight
Aim: a wight, wielding a +0 great sword, wearing a +0 robe and quivering stones (severely damaged, 57% to hit)
You throw a boomerang of dispersal.
The boomerang of dispersal barely misses the wight.
The boomerang of dispersal hits the wight!
The wight blinks!
The wight hits you with a +0 great sword!!
You die...

. ..#.#.... ## .. ....... ..
........ .. #. .K...... #.#.
.#...^....#...###
.........#....§.#
.......§§....##z#####
<..≈≈≈§§≈≈≈§..#.@...#
.zz≈.§§§...≈.....##.####
...§.≈≈≈≈..§.....##....#
.#.≈.§§..≈.≈.....##.####
.#.§.≈§_.≈.≈.....##.#
##.≈§≈§..≈.≈....)...#
#..≈.≈≈≈≈≈.≈....÷.####
#..≈...§...≈.....>...########
.§.§≈.§≈≈≈≈≈................#


You could see a wight.

Vanquished Creatures
  3 wights
  Natasha (D:4)
  6 adders
  A worm (D:2)
  2 dart slugs (D:1)
  5 orcs (D:3)
  4 bats
  9 endoplasms
  A giant cockroach (D:3)
  A goblin (D:2)
  5 hobgoblins
  4 jackals (D:2)
  2 quokkas
  10 ball pythons
  3 frilled lizards
  4 kobolds
  4 rats
65 creatures vanquished.

Notes
Turn   | Place    | Note
-------+----------+-------------------------------------------
     0 | D:1      | Ajdolov the Ogre Warper began the quest for the Orb.
     0 | D:1      | Reached XP level 1. HP: 22/22 MP: 3/3
    43 | D:1      | Reached skill level 3 in Fighting
   351 | D:1      | Reached XP level 2. HP: 31/31 MP: 5/5
  1189 | D:1      | Reached skill level 4 in Fighting
  1310 | D:1      | Reached XP level 3. HP: 39/39 MP: 6/6
  1339 | D:1      | Learned a level 2 spell: Blink
  1987 | D:2      | Found a faded altar of an unknown god.
  2317 | D:2      | Reached XP level 4. HP: 27/49 MP: 7/7
  2322 | D:1      | Reached skill level 5 in Fighting
  2794 | D:2      | Found a runed translucent door.
  2795 | D:2      | Noticed Crazy Yiuf
  3075 | D:2      | Gained mutation: You are partially covered in iridescent
                  | scales. (AC +2) [potion of mutation]
  3075 | D:2      | Gained mutation: You are weak. (Str -2) [potion of
                  | mutation]
  3075 | D:2      | Gained mutation: You have large cloven feet. [potion of
                  | mutation]
  3075 | D:2      | HP: 2/50 [adder (3)]
  3768 | D:3      | Reached XP level 5. HP: 43/59 MP: 8/8
  4272 | D:4      | Found a stormy altar of Qazlal.
  4279 | D:3      | Reached skill level 6 in Fighting
  4282 | D:3      | Reached XP level 6. HP: 51/68 MP: 9/9
  4363 | D:4      | Noticed Natasha
  4375 | D:4      | Killed Natasha
  4416 | D:4      | Reached skill level 7 in Fighting
  4760 | D:4      | HP: 2/54 [wight/+0 great sword (7)]
  4762 | D:4      | Demolished by a wight

Illustrated notes

Levels and vault maps discovered:
D:1:      lemuel_arrival_tunnels, layout_loops_ring
D:2:      layout_loops_ring, nicolae_ecumenical_snake_handling,
          uniq_crazy_yiuf_cottage
D:3:      layout_rooms, minmay_between
D:4:      layout_rooms, mainiacjoe_overflow_brackets,
          kennysheep_okawaru_gauntlet,
          mainiacjoe_overflow_concentric_impassable, minivault_4, uniq_natasha

Skill      XL: |  1  2  3  4  5  6 |
---------------+-------------------+-----
Fighting       | 3 4 5 6 7 |  7.3
Maces & Flails | 2 3 |  3.6
Throwing       | |  1.0
Dodging        | |  2.1
Spellcasting   | |  2.4
Translocations | |  2.6

Action                   |  1- 3 |  4- 6 || total
-------------------------+-------+-------++-------
Melee: Mace              |    36 |   103 ||   139
       Whip              |   129 |    22 ||   151
       Kick              |       |    19 ||    19
       Punch             |       |     1 ||     1
Throw: Boomerang         |       |     2 ||     2
  Use: Potion            |       |     3 ||     3
 Stab: Sleeping          |     1 |       ||     1
Armor: Robe              |    63 |    36 ||    99
Dodge: Dodged            |    96 |    62 ||   158

Table legend: (Time is in decaauts)
 A = Elapsed time spent in this place.
 B = Non-inter-level travel time spent in this place.
 C = Inter-level travel time spent in this place.
 D = Time resting spent in this place.
 E = Time spent auto-exploring this place.
 F = Levels seen in this place.
 G = Mean time per level.
                   A        B        C        D        E       F      G
               +--------+--------+--------+--------+--------+-----+--------+
         Total |   4778 |   4668 |    110 |   1011 |   2937 |   4 | 1194.5 |
       Dungeon |   4778 |   4668 |    110 |   1011 |   2937 |   4 | 1194.5 |
               +--------+--------+--------+--------+--------+-----+--------+

Top non-repeatable levels by time:
     D:1: 2022 daAuts
     D:2: 1613 daAuts
     D:3: 733 daAuts
     D:4: 409 daAuts
